AoeStats
← Fluvialgeomorphologist

Four Lakes

503330446Analyzed
4v4 RM · 1mo ago on Aug 31, 2026· 50m 4s· 8 players
Game mode
Random Map
Map size
Large (8 player)
Population
200
Speed
Normal
Resources
Standard
Victory
Conquest
Starting age
Dark Age
Ending age
Imperial Age
RankedLock teamsTeams togetherTeam positionsShared explorationLock speedFull tech treeHidden civsTurbo modeCheats
Victory
Defeat
🇺🇸 Magyars · United States
1021
+12
🇨🇳 Jurchens · China
978
+14
🇺🇸 Italians · United States
977
+14
🇨🇳 Burgundians · China
967
+14
🇬🇹 Vikings · Guatemala
1000
-50
🇺🇸 Malians · United States
924
-13
🇺🇸 Japanese · United States
904
-12
🇵🇪 Mongols · Peru
880
-11
Fluvialgeomorphologist
12:27 Feudal Age
10:43 Loom
16:50 Castle Age
14:56 Double-Bit Axe
15:17 Stone Mining
19:21 Double-Bit Axe
23:27 Bow Saw
Williamjason007
10:55 Feudal Age
11:28 Double-Bit Axe
12:47 Horse Collar
15:50 Forging
16:37 Scale Mail Armor
21:33 Castle Age
20:22 Stone Mining
20:51 Gold Mining
21:53 Pikeman
22:34 Squires
23:43 Iron Casting
25:48 Chain Mail Armor
Gerarrdy
1:13 Loom
11:04 Feudal Age
12:30 Double-Bit Axe
17:15 Man-at-Arms
18:23 Gold Mining
22:36 Fishing Lines
23:57 Forging
23:48 Scale Mail Armor
23:41 Fletching
LitiumJCH
11:17 Loom
15:22 Feudal Age
20:27 Double-Bit Axe
Jon Shotgun
4:46 Loom
14:45 Feudal Age
15:17 Horse Collar
20:38 Castle Age
19:38 Bloodlines
20:51 Scale Barding Armor
22:07 Chain Barding Armor
22:11 Light Cavalry
24:08 Double-Bit Axe
25:32 Heavy Plow
27:20 Wheelbarrow
27:40 Fletching
27:41 Town Watch
30:01 Hand Cart
32:35 Town Patrol
32:56 Gold Mining
34:23 Gold Shaft Mining
34:19 Bow Saw
34:28 Fervor
37:47 Imperial Age
37:30 Devotion
37:18 Treadmill Crane
37:49 Onager
39:34 Siege Engineers
47:17 Corvinian Army
47:38 Conscription
笙箫楠兮
7:57 Loom
11:39 Feudal Age
13:32 Horse Collar
13:37 Double-Bit Axe
21:35 Castle Age
28:21 Man-at-Arms
29:38 Gambesons
29:55 Arson
44:06 Imperial Age
44:08 Fortified Bastions
44:44 Spies/Treason
John Teleport
4:13 Loom
12:13 Feudal Age
16:45 Castle Age
15:34 Double-Bit Axe
17:53 Forging
18:31 Scale Barding Armor
23:33 Wheelbarrow
23:13 Fletching
24:18 Padded Archer Armor
29:11 Bodkin Arrow
30:24 Leather Archer Armor
35:52 Imperial Age
33:10 Horse Collar
33:41 Bow Saw
34:16 Ballistics
34:57 Hand Cart
34:27 Town Watch
36:24 Onager
40:33 Conscription
49:34 Treadmill Crane
50:05 Fortified Wall
50:07 Masonry
Tzeus
8:21 Loom
10:22 Feudal Age
9:31 Horse Collar
9:39 Double-Bit Axe
11:13 Wheelbarrow
20:20 Castle Age
20:16 Forging
20:12 Scale Barding Armor
21:06 Husbandry
20:41 Cavalier
21:42 Gold Mining
34:59 Iron Casting
36:36 Chain Barding Armor
40:46 Imperial Age
48:10 Imperial Age
Connection lost

Rejoining the realm…

Still unreachable

The connection could not be restored.

Session expired

The server has moved on; the page needs a fresh start.